 Dungeon Crawl Stone Soup version 0.24-a0-549-g45f0056 (webtiles) character file.

Game seed: 5556418235570556270

189 Spazmo the Magician (level 5, -1/28 HPs)
             Began as a Deep Elf Fire Elementalist on Aug 19, 2019.
             Killed by nerve-wracking pain
             ... invoked by an orc priest
              (12 damage)
             ... on level 3 of the Dungeon.
             The game lasted 00:08:10 (2095 turns).

Spazmo the Magician (Deep Elf Fire Elementalist)    Turns: 2095, Time: 00:08:10

Health: -1/28      AC:  2    Str:  5    XL:     5   Next: 40%
Magic:  10/23      EV: 14    Int: 21    God:
Gold:   57         SH:  0    Dex: 15    Spells: 4/14 levels left

rFire    . . .     SeeInvis .   d - +0 club
rCold    . . .     Gourm    .   (no shield)
rNeg     . . .     Faith    .   a - +0 robe
rPois    .         Spirit   .   (no helmet)
rElec    .         Reflect  .   (no cloak)
rCorr    .         Harm     .   (no gloves)
MR       +....                  (no boots)
Stlth    ++........             (no amulet)
HPRegen  0.09/turn              j - +1 ring of evasion
MPRegen  0.18/turn              n - ring of magical power

@: no status effects
A: magic resistance 1, MP-powered wands
a: no special abilities


You were on level 3 of the Dungeon.
You were not hungry.

You visited 1 branch of the dungeon, and saw 3 of its levels.

You collected 57 gold pieces.

Inventory:

Hand Weapons
 d - a +0 club (weapon)
Missiles
 b - 176 stones (quivered)
Armour
 a - a +0 robe (worn)
Jewellery
 j - a +1 ring of evasion (left hand)
 n - a ring of magical power (right hand)
Wands
 o - a wand of paralysis (7)
Scrolls
 p - 2 scrolls of identify
Potions
 e - a potion of ambrosia
 g - a potion of mutation
 h - a potion of magic
 i - a potion of curing {unknown}
 l - a potion of berserk rage {unknown}
 m - a potion of heal wounds {unknown}
Comestibles
 c - 7 rations
 f - 6 chunks of flesh


   Skills:
 - Level 2.4 Dodging
 - Level 2.4 Stealth
 + Level 5.0 Spellcasting
 + Level 3.4 Conjurations
 + Level 4.7 Fire Magic


You had 4 spell levels left.
You knew the following spells:

 Your Spells              Type           Power        Failure   Level  Hunger
a - Flame Tongue          Conj/Fire      ###..        1%          1    None
b - Throw Flame           Conj/Fire      ###...       3%          2    None
c - Conjure Flame         Conj/Fire      ###.....     6%          3    ##.....
d - Sticky Flame          Conj/Fire      ###.....     21%         4    ####...

Your spell library contained the following spells:

 Spells                   Type           Power        Failure   Level  Hunger
 Inner Flame              Hex/Fire       ###.....     12%         3    ##.....
 Fireball                 Conj/Fire      ###.......   50%         5    #####..


Dungeon Overview and Level Annotations

Branches:
Dungeon (3/15)

Altars:
Gozag
Hepliaklqana
Nemelex Xobeh
Ru


Innate Abilities, Weirdness & Mutations

You are resistant to hostile enchantments. (MR+)
You expend magic power (3 MP) to strengthen your wands.


Message History

Casting: Flame Tongue (safe; 1% risk of failure)
Confirm with . or Enter, or press ? or * to list all spells.
Aiming: Throw Flame (safe; 3% risk of failure)
Press: ? - help, Shift-Dir - straight line, f - orc priest
Aim: an orc priest, wielding a +0 whip (hasn't noticed you)
The puff of flame hits the orc priest!
The orc priest is heavily wounded.
The orc priest shouts!
Casting: Throw Flame (safe; 3% risk of failure)
Confirm with . or Enter, or press ? or * to list all spells.
Aiming: Throw Flame (safe; 3% risk of failure)
Press: ? - help, Shift-Dir - straight line, f/p - orc priest
Aim: an orc priest, wielding a +0 whip (heavily wounded)
The puff of flame hits the orc priest.
The orc priest is almost dead.
The orc priest invokes the aid of Beogh against you.
Pain shoots through your body!
The orc priest calls down the wrath of Beogh upon you.
Pain shoots through your body!
You die...

#. ....### #.......#.
#.#.... #.8...8.#..
#.#.### #.......#...
#.#.#.# #
#..o....#.#.##.#..#. .
#.......#.#......###
#.#†8...8.#.#........)
#.#.[.....#.####......
##....@......#).......#
#.)(.)...###.#....#....
#.##...### #.#.#######.
###.# ##...#..# #.
#.####.####.......# #.
#....................'.
#############.#.....###
#.#...... ..#...#..


You could see an orc priest.

Vanquished Creatures
  An orc priest (D:3)
  An orc wizard (D:3)
  4 adders
  5 worms
  2 dart slugs
  2 leopard geckos (D:2)
  9 orcs (D:3)
  3 giant cockroaches
  6 goblins
  8 hobgoblins
  7 jackals
  5 kobolds
  2 quokkas (D:2)
  6 bats
  4 frilled lizards
  A rat (D:2)
66 creatures vanquished.

Notes
Turn   | Place    | Note
-------+----------+-------------------------------------------
     0 | D:1      | Spazmo the Deep Elf Fire Elementalist began the quest for
                  | the Orb.
     0 | D:1      | Reached XP level 1. HP: 10/10 MP: 6/6
   120 | D:1      | Reached XP level 2. HP: 15/15 MP: 6/8
   126 | D:1      | Learned a level 2 spell: Throw Flame
   231 | D:1      | Gained mutation: You are clumsy. (Dex -2) [potion of
                  | mutation]
   231 | D:1      | Gained mutation: You expend magic power (3 MP) to
                  | strengthen your wands. [potion of mutation]
   231 | D:1      | Lost mutation: You are clumsy. (Dex -2) [potion of
                  | mutation]
   231 | D:1      | Gained mutation: You are resistant to hostile enchantments.
                  | (MR+) [potion of mutation]
   741 | D:2      | Reached XP level 3. HP: 16/19 MP: 0/10
   746 | D:2      | Learned a level 3 spell: Conjure Flame
  1012 | D:2      | Reached skill level 4 in Spellcasting
  1297 | D:2      | Found a sparkling altar of Nemelex Xobeh.
  1406 | D:2      | Found an opulent altar of Gozag.
  1413 | D:2      | Found a hazy altar of Hepliaklqana.
  1442 | D:2      | Reached XP level 4. HP: 10/24 MP: 12/12
  1451 | D:2      | Learned a level 4 spell: Sticky Flame
  1744 | D:3      | Found a sacrificial altar of Ru.
  1905 | D:3      | Reached XP level 5. HP: 19/28 MP: 0/14
  2084 | D:3      | Reached skill level 5 in Spellcasting
  2095 | D:3      | Killed from afar by an orc priest

Levels and vault maps discovered:
D:1:      doesnt_arrival_eight_statues, layout_basic
D:2:      layout_rooms, nemelex_altar_shiori, amethyst_overflow_temple_binary,
          first_ration, lemuel_old_faithful
D:3:      cheibrodos_pilgrimage, layout_loops_ring, lightli_temple_of_fire,
          hangedman_ru_absence

Skill      XL: |  1  2  3  4  5 |
---------------+----------------+-----
Conjurations   | 2 3 |  3.4
Fire Magic     | 4 |  4.7
Spellcasting   | 4 5 |  5.0
Dodging        | |  2.4
Stealth        | |  2.4

Action                   |  1- 3 |  4- 6 || total
-------------------------+-------+-------++-------
Melee: Club              |       |     3 ||     3
Throw: Stone             |       |     1 ||     1
 Cast: Flame Tongue      |    71 |    66 ||   137
       Throw Flame       |     3 |     6 ||     9
  Use: Scroll            |     3 |     3 ||     6
       Potion            |     3 |       ||     3
  Eat: Chunk             |     1 |     3 ||     4
Armor: Robe              |     1 |     4 ||     5
Dodge: Dodged            |    17 |    15 ||    32

Table legend:
 A = Non-vault XP
 B = Vault XP
 C = Vault XP percentage of total XP
 D = Non-vault monster count
 E = Vault monster count
 F = Vault count percentage of total count
                 A         B        C        D         E       F
            +---------+---------+-------+---------+---------+-------
      Total |     258 |      12 |   4.4 |      62 |       4 |   6.1
            +---------+---------+-------+---------+---------+-------
        D:1 |      24 |       0 |   0.0 |      14 |       0 |   0.0
        D:2 |      90 |       0 |   0.0 |      25 |       0 |   0.0
        D:3 |     144 |      12 |   7.7 |      23 |       4 |  14.8
            +---------+---------+-------+---------+---------+-------
